 Dungeon Crawl Stone Soup version 0.18-a0-1140-g8540535 (webtiles) character file.

59 namelastname112 the Skirmisher (level 3, -1/33 HPs)
             Began as a Draconian Wanderer on Jan 21, 2016.
             Succumbed to poison (a potion of poison)
             ... on level 2 of the Dungeon.
             The game lasted 00:02:28 (1451 turns).

namelastname112 the Skirmisher (Draconian Wanderer) Turns: 1451, Time: 00:02:28

Health: -1/33      AC:  5    Str: 13    XL:     3   Next: 78%
Magic:  4/4        EV: 11    Int: 13    God:
Gold:   26         SH:  0    Dex: 11    Spells: 0 memorised, 4 levels left

rFire  . . .     SeeInvis .     c - +0 mace
rCold  . . .     Gourm    .     (armour unavailable)
rNeg   . . .     Faith    .     (no shield)
rPois  .         Spirit   .     (helmet restricted)
rElec  .         Dismiss  .     (no cloak)
rCorr  .         Reflect  .     (no gloves)
SustAt .         Harm     .     (no boots)
MR     .....                    (no amulet)
Stlth  +.........               (no ring)
                                (no ring)

@: lethally poisoned (-1 -> -20), not resistant to hostile enchantments, very
unstealthy
A: unfitting armour, cold-blooded, AC +5
a: no special abilities


You were on level 2 of the Dungeon.
You were hungry.

You visited 1 branch of the dungeon, and saw 2 of its levels.

You collected 34 gold pieces.

Inventory:

Hand Weapons
 b - a +2 blowgun
 c - a +0 mace (weapon)
Missiles
 a - 2 curare-tipped needles
Scrolls
 d - 2 scrolls of identify {unknown}
Comestibles
 f - 2 bread rations
 g - a meat ration


   Skills:
 + Level 3.7 Fighting
   Level 2.0(2.5) Axes
 * Level 2.3(2.7) Maces & Flails
 + Level 1.5 Throwing
 + Level 1.0 Dodging
 - Level 1.0 Stealth
 - Level 1.0 Spellcasting
   Level 1.0 Charms
   Level 1.0 Ice Magic


You had 4 spell levels left.
You didn't know any spells.

Dungeon Overview and Level Annotations

Branches:
Dungeon (2/15)

Altars:
Xom


Innate Abilities, Weirdness & Mutations

Your plain brown scales are hard (AC +5).
Your body does not fit into most forms of armour.
You are cold-blooded and may be slowed by cold attacks.


Message History

You are alive.
You are lethally poisoned (10 -> -18).
Your movement speed is average.
Your attack speed is below average.
You are not resistant to hostile enchantments.
You are very unstealthy.
* * * LOW HITPOINT WARNING * * *
You feel sick. The bat hits you but does no damage.
Found a scroll labeled WEMEZX UVAOB and a dagger.
A bat comes into view.
* * * LOW HITPOINT WARNING * * *
You feel sick. The bat misses you.
* * * LOW HITPOINT WARNING * * *
You feel sick. The bat hits you but does no damage. The bat closely misses you.
Found a scroll labeled AMILLU HYATOESM.
You enter a teleport trap!
The teleport trap disappears.
Your surroundings suddenly seem different.
* * * LOW HITPOINT WARNING * * *
You feel sick.
* * * LOW HITPOINT WARNING * * *
You feel sick.
You die...

#### #... ..## ## ..#.
#.#. ### #... ##..###
#.#. #@....#. #.#.
#.###.... ##.##
#.#####.. #..##
#.............######....
...####.#.....##.()...##
#.#.###.##.######
###...###....#
............## ###..
#..........#


There were no monsters in sight!

Vanquished Creatures
  3 adders (D:2)
  An ooze (D:2)
  2 giant cockroaches
  7 goblins
  3 hobgoblins (D:2)
  A ball python (D:1)
  A bat (D:1)
  2 giant newts
  4 kobolds
  6 rats
30 creatures vanquished.

Notes
Turn   | Place    | Note
--------------------------------------------------------------
     0 | D:1      | namelastname112 the Draconian Wanderer began the quest for the Orb.
     0 | D:1      | namelastname112 set off with: 2 curare-tipped needles, a +2 blowgun, a +0 mace, a +0 hand axe, a bread ration
     0 | D:1      | Reached XP level 1. HP: 19/19 MP: 2/2
   441 | D:1      | Reached skill level 1 in Maces & Flails
   447 | D:1      | Reached XP level 2. HP: 24/26 MP: 3/3
   935 | D:2      | Found a shimmering altar of Xom.
  1022 | D:2      | Reached XP level 3. HP: 29/31 MP: 4/4
  1443 | D:2      | Reached skill level 1 in Dodging
  1450 | D:2      | HP: 1/33 [poison (a potion of poison)]
  1451 | D:2      | Succumbed to poison (a potion of poison)

Vault maps used:
D:1:      minmay_arrival_plants_in_alcoves, st_stairs_5
D:2:      old_standard_altar, old_standard_altar, first_bread, amalloy_card_club

Action                   || total
-------------------------++-------
Melee: Mace              ||    81
Evoke: Deck              ||     9
  Use: Potion            ||     2
 Stab: Sleeping          ||     1
  Eat: Chunk             ||     1
